 Dungeon Crawl Stone Soup version 0.19-a0-1225-gf887c1c (webtiles) character file.

13836 Ryco the Eclecticist (level 11, -2/64 HPs)
             Began as a Deep Elf Fire Elementalist on Aug 25, 2016.
             Was an Elder of Vehumet.
             Slain by an eight-headed hydra (10 damage)
             ... on level 2 of the Lair of Beasts.
             The game lasted 01:06:02 (7284 turns).

Ryco the Eclecticist (Deep Elf Fire Elementalist)   Turns: 7284, Time: 01:06:03

Health: -2/64      AC: 11    Str:  5    XL:     11   Next: 80%
Magic:  3/32       EV: 20    Int: 24    God:    Vehumet [****..]
Gold:   351        SH:  0    Dex: 15    Spells: 8 memorised, 11 levels left

rFire  + + +     SeeInvis .     a - -1 trident (curse)
rCold  . . .     Gourm    .     j - +2 robe {rF+}
rNeg   . . .     Faith    .     (no shield)
rPois  +         Spirit   .     D - +2 helmet
rElec  .         Dismiss  .     K - +2 cloak
rCorr  .         Reflect  .     (no gloves)
MR     ++...     Harm     .     A - +0 pair of boots
Stlth  ++........               O - amulet "Deshad" {rPois rF+ Regen+}
                                b - ring of protection from cold
                                v - ring of fire

@: no status effects
A: magic resistance 1
a: Renounce Religion


You were on level 2 of the Lair of Beasts.
You worshipped Vehumet.
Vehumet was greatly pleased with you.
You were hungry.

You visited 3 branches of the dungeon, and saw 13 of its levels.
You also visited: Ossuary, Ice Cave and Volcano.

You collected 444 gold pieces.
You spent 93 gold pieces at shops.

Inventory:

Hand Weapons
 a - a cursed -1 trident (weapon)
 e - a +0 trident
 z - a +2 dagger of draining
 I - a +0 dagger of venom
 P - a +0 spear of venom
Missiles
 f - 6 tomahawks of returning (quivered)
 y - a throwing net
Armour
 j - a +2 robe of fire resistance (worn)
 A - a +0 pair of boots (worn)
 D - a +2 helmet (worn)
 K - a +2 cloak (worn)
Jewellery
 b - a ring of protection from cold (right hand)
 t - an uncursed ring of see invisible
 v - a ring of fire (left hand)
 O - the amulet "Deshad" (around neck) {rPois rF+ Regen+}
   (You found it on level 9 of the Dungeon)

   [amulet of regeneration]

   It protects you from fire.
   It protects you from poison.
   It increases your rate of regeneration.
Wands
 C - a wand of digging (24/24)
Scrolls
 k - 3 scrolls of noise
 o - a scroll of immolation
 q - 6 scrolls of teleportation
 u - a scroll of magic mapping
 G - 2 scrolls of enchant armour
 L - a scroll of recharging
Potions
 g - 9 potions of curing
 h - 5 potions of flight
 i - 2 potions of ambrosia
 m - 3 potions of lignification
 n - a potion of mutation
 p - a potion of invisibility {unknown}
 x - 2 potions of magic
 E - a potion of cure mutation {unknown}
 F - a potion of agility
 J - a potion of might {unknown}
 N - a potion of resistance {unknown}
Books
 H - a Necronomicon

   Spells                             Type                      Level
   a - Haunt                          Necromancy/Summoning         7
   b - Borgnjor's Revivification      Necromancy                   8
   c - Death's Door                   Charms/Necromancy            8
   d - Infestation                    Necromancy                   8
   e - Necromutation                  Transmutation/Necromancy     8
Comestibles
 c - 5 bread rations
 l - 4 meat rations
 w - 6 fruits
 M - 3 royal jellies


   Skills:
 * Level 5.4 Fighting
 - Level 0.1 Polearms
 * Level 11.8 Dodging
 - Level 2.4 Stealth
 + Level 15.2 Spellcasting
 - Level 7.1 Conjurations
 - Level 7.6 Fire Magic
 + Level 0.7 Evocations


You had 11 spell levels left.
You knew the following spells:

 Your Spells              Type           Power        Failure   Level  Hunger
a - Flame Tongue          Conj/Fire      #####        1%          1    None
b - Throw Frost           Conj/Ice       #####.       1%          2    None
c - Conjure Flame         Conj/Fire      ######..     1%          3    None
e - Inner Flame           Hex/Fire       ######..     1%          3    None
f - Fireball              Conj/Fire      ######....   1%          5    ##.....
n - Necromutation         Tmut/Necr      ###.......   100%        8    #######
s - Sticky Flame          Conj/Fire      ######..     1%          4    None
x - Mephitic Cloud        Conj/Pois/Air  ####....     1%          3    None


Dungeon Overview and Level Annotations

Branches:
Dungeon (10/15)            Temple (1/1) D:4            Lair (2/6) D:10
  Swamp: Lair:2-4    Shoals: Lair:2-4     Snake: Lair:2-4    Spider: Lair:2-4
    Orc: D:9-12

Altars:
Ashenzari
Elyvilon
Fedhas
Gozag
Hepliaklqana
Nemelex Xobeh
Ru
Trog
Vehumet
Xom

Shops:
D:4 *   D:7 :


Innate Abilities, Weirdness & Mutations

You are resistant to hostile enchantments. (MR+)


Message History

The giant frog closely misses you.
The eight-headed hydra bites you. x2; The eight-headed hydra bites you!
The eight-headed hydra bites you.
* * * LOW HITPOINT WARNING * * *
The eight-headed hydra closely misses you.
The eight-headed hydra bites you but does no damage.
The eight-headed hydra bites you!!
* * * LOW HITPOINT WARNING * * *
The eight-headed hydra barely misses you.
Okay, then.
You feel much better.
The giant frog hits you but does no damage.
The blink frog blinks! x2; The giant frog barely misses you.
The eight-headed hydra bites you!
* * * LOW HITPOINT WARNING * * *
The eight-headed hydra barely misses you.
The eight-headed hydra bites you.
* * * LOW HITPOINT WARNING * * *
The eight-headed hydra bites you!
You die...

.............,,,,,,,,............
.............,,,,,,,,............
.............,,,,,,,,...F........
##.........#P**,**,*,###.........
#.........##********* #.........
#..........# ##########..>.....
#.........#####..#.#.##.........
##...............................
#.....#######...@F..§............
#P...##.....##...D...............
##...#.......#....F..............
#..##...#...##..................
##..#...##≈.≈##........§.........
#...#...#≈≈.≈≈#..................
#...#...#≈≈§§§#..................
#...#...#≈≈.≈§#..................
#...#...###§###..................


You could see an eight-headed hydra, a blink frog and a giant frog.

Vanquished Creatures
  Harold (Lair:2)
  A hydra (Lair:2)
  A centaur warrior (Volcano)
  Nergalle (D:10)
  Pikel (D:7)
  2 oklob plants
  A gargoyle (D:10)
  4 spiny frogs
  A komodo dragon (Lair:2)
  2 ice devils (Lair:2)
  A yaktaur (Volcano)
  A queen bee (D:9)
  A two-headed ogre (D:8)
  A wyvern (D:10)
  A shadow (D:8)
  8 yaks (D:10)
  A wraith (D:10)
  2 fire bats (Volcano)
  A death yak simulacrum (IceCv)
  A basilisk (Lair:1)
  Edmund (D:4)
  2 slaves (D:7)
  2 orc warriors
  2 sky beasts (D:9)
  A black bear (D:6)
  3 ice beasts
  3 phantoms (D:4)
  3 ogres
  An alligator simulacrum (IceCv)
  5 centaurs
  A crocodile (Lair:1)
  8 giant frogs
  A scorpion (D:6)
  24 killer bees
  A howler monkey (D:9)
  An electric eel (Lair:2)
  3 centaur zombies
  3 lava snakes (Volcano)
  A crimson imp (D:10)
  A giant frog zombie (D:10)
  6 orc priests
  2 jellies (D:7)
  A centaur skeleton (D:6)
  A human zombie (Ossuary)
  9 orc wizards
  3 giant frog skeletons
  5 worker ants
  5 iguanas
  A polar bear simulacrum (IceCv)
  A wolf simulacrum (IceCv)
  3 mummies (Ossuary)
  A howler monkey zombie (D:6)
  4 gnolls (D:4)
  8 adders
  15 river rats (Lair:2)
  2 shadow imps (D:5)
  A white imp (IceCv)
  2 adder skeletons
  3 worms
  2 giant geckos
  27 orcs
  6 bats
  2 giant cockroaches
  3 goblins
  4 hobgoblins
  7 jackals
  8 quokkas
  2 ball pythons
  3 giant newts
  2 gnoll zombies (Ossuary)
  A goblin zombie (Ossuary)
  A jackal skeleton (D:6)
  2 kobolds
  A kobold zombie (Ossuary)
  An orc zombie (Ossuary)
  A quokka skeleton (D:4)
  A rat (D:1)
  2 plants (Lair:1)
249 creatures vanquished.

Vanquished Creatures (others)
  3 plants (D:10)
3 creatures vanquished.

Grand Total: 252 creatures vanquished

Notes
Turn   | Place    | Note
-------+----------+-------------------------------------------
     0 | D:1      | Ryco the Deep Elf Fire Elementalist began the quest for the Orb.
     0 | D:1      | Reached XP level 1. HP: 10/10 MP: 6/6
   161 | D:4      | Reached XP level 2. HP: 15/15 MP: 6/8
   162 | D:4      | Found a staircase to the Ecumenical Temple.
   169 | Temple   | Entered the Ecumenical Temple
   215 | Temple   | Became a worshipper of Vehumet
   346 | D:5      | Entered Level 5 of the Dungeon
   346 | D:5      | Noticed an ice beast
   565 | D:5      | Reached XP level 3. HP: 9/19 MP: 1/10
   570 | D:5      | Learned a level 3 spell: Conjure Flame
   655 | D:5      | Found a sand-covered staircase.
   660 | Ossuary  | Entered an ossuary
   725 | Ossuary  | Reached XP level 4. HP: 23/24 MP: 4/11
   766 | Ossuary  | Reached skill level 4 in Spellcasting
   779 | Ossuary  | Learned a level 4 spell: Sticky Flame
   937 | Ossuary  | Reached XP level 5. HP: 10/28 MP: 3/13
  1211 | D:6      | Found a shimmering altar of Xom.
  1286 | D:6      | Noticed a black bear
  1306 | D:6      | Killed a black bear
  1306 | D:6      | Reached skill level 5 in Spellcasting
  1306 | D:6      | Reached XP level 6. HP: 19/33 MP: 6/15
  1313 | D:6      | Learned a level 5 spell: Fireball
  1363 | D:6      | Reached skill level 5 in Fire Magic
  1610 | D:6      | Reached XP level 7. HP: 37/37 MP: 2/17
  1666 | D:6      | Reached * piety under Vehumet
  1666 | D:6      | Offered knowledge of Sandblast by Vehumet.
  1736 | D:6      | Reached skill level 5 in Conjurations
  1737 | D:6      | Found a sparkling altar of Nemelex Xobeh.
  1751 | D:5      | Reached skill level 6 in Spellcasting
  1757 | D:5      | Learned a level 3 spell: Inner Flame
  1911 | D:5      | Found a bloodstained altar of Trog.
  2024 | D:4      | Noticed Edmund
  2041 | D:4      | Killed Edmund
  2061 | D:4      | Found Olagh's Assorted Antiques.
  2074 | D:4      | Bought a scroll labeled WUYHELL CONOHAZ for 24 gold pieces
  2074 | D:4      | Bought a silvery potion for 21 gold pieces
  2074 | D:4      | Bought a scroll of identify for 48 gold pieces
  2291 | D:2      | Reached XP level 8. HP: 34/42 MP: 3/19
  2451 | D:2      | Reached ** piety under Vehumet
  2451 | D:2      | Offered knowledge of Searing Ray by Vehumet.
  3078 | D:4      | Reached skill level 7 in Spellcasting
  3135 | D:4      | Offered knowledge of Throw Frost by Vehumet.
  3334 | D:7      | Found a white marble altar of Elyvilon.
  3541 | D:7      | Reached skill level 5 in Dodging
  3541 | D:7      | Reached *** piety under Vehumet
  3557 | D:7      | Learned a level 2 spell: Throw Frost
  3571 | D:7      | Found a hazy altar of Hepliaklqana.
  3583 | D:7      | Reached skill level 8 in Spellcasting
  3615 | D:7      | Found Imediona's Book Shoppe.
  3638 | D:7      | Reached skill level 1 in Fighting
  3661 | D:7      | Noticed Pikel
  3686 | D:7      | Killed Pikel
  3686 | D:7      | Reached skill level 9 in Spellcasting
  3686 | D:7      | Reached XP level 9. HP: 48/48 MP: 0/24
  3696 | D:7      | Found a blossoming altar of Fedhas.
  3697 | D:7      | Found a shattered altar of Ashenzari.
  3909 | D:8      | Offered knowledge of Mephitic Cloud by Vehumet.
  3909 | D:8      | Reached skill level 10 in Spellcasting
  4233 | D:8      | Learned a level 3 spell: Mephitic Cloud
  4356 | D:9      | Reached skill level 11 in Spellcasting
  4492 | D:8      | Reached **** piety under Vehumet
  4504 | D:8      | Reached XP level 10. HP: 29/56 MP: 10/27
  4504 | D:8      | Offered knowledge of Throw Icicle by Vehumet.
  4582 | D:9      | Got a wavering diamond amulet
  4762 | D:9      | Gained mutation: You are resistant to hostile enchantments. (MR+) [mutagenic meat]
  4846 | D:9      | Reached skill level 12 in Spellcasting
  4848 | D:10     | Entered Level 10 of the Dungeon
  5194 | D:10     | Noticed Nergalle
  5201 | D:10     | Killed Nergalle
  5311 | D:10     | Found a staircase to the Lair.
  5312 | D:10     | Noticed an oklob plant
  5343 | D:10     | Reached ***** piety under Vehumet
  5410 | D:10     | Offered knowledge of Olgreb's Toxic Radiance by Vehumet.
  5476 | D:10     | Reached skill level 13 in Spellcasting
  5486 | D:10     | Reached skill level 10 in Dodging
  5575 | D:10     | Noticed a gargoyle
  5585 | D:10     | Killed a gargoyle
  5721 | D:10     | Killed an oklob plant
  5721 | D:10     | Reached XP level 11. HP: 38/62 MP: 14/30
  5761 | Lair:1   | Entered Level 1 of the Lair of Beasts
  5917 | Lair:1   | Noticed an oklob plant
  6041 | Lair:1   | Killed an oklob plant
  6288 | Lair:2   | Identified the amulet "Deshad" {rPois rF+ Regen+} (You found it on level 9 of the Dungeon)
  6294 | Lair:2   | Found a frozen archway.
  6307 | Lair:2   | Reached skill level 5 in Fighting
  6318 | Lair:2   | Reached skill level 14 in Spellcasting
  6390 | IceCv    | Entered an ice cave
  6401 | IceCv    | Noticed JuicyBBC's ghost (journeyman MiBe)
  6438 | Lair:2   | Found a dark tunnel.
  6446 | Volcano  | Entered a volcano
  6613 | Volcano  | Learned a level 8 spell: Necromutation
  6741 | Volcano  | Found a radiant altar of Vehumet.
  6741 | Volcano  | Noticed a centaur warrior
  6779 | Volcano  | Killed a centaur warrior
  7026 | Lair:2   | Noticed Harold
  7029 | Lair:2   | Killed Harold
  7029 | Lair:2   | Reached skill level 15 in Spellcasting
  7154 | Lair:2   | Noticed a death yak
  7157 | Lair:2   | Noticed a death yak
  7168 | Lair:2   | Noticed a death yak
  7168 | Lair:2   | Noticed a death yak
  7230 | Lair:2   | Noticed an eight-headed hydra
  7238 | Lair:2   | Noticed an eight-headed hydra
  7243 | Lair:2   | Killed an eight-headed hydra
  7283 | Lair:2   | HP: 1/64 [eight-headed hydra (18)]
  7284 | Lair:2   | Slain by an eight-headed hydra

Vault maps used:
D:1:      roderic_crop_circles_arrival_small
D:4:      serial_shops, nicolae_shop_overgrown_old_shop, first_bread,
          uniq_edmund
D:5:      bloody_trog, enter_ossuary_5
D:6:      grunt_dithmenos_smoke, kennysheep_mini, minivault_19,
          nrook_pool_corridor, xom_teletrap_fun, uniq_grinder,
          uniq_crazy_yiuf_cottage
D:7:      overflow_temple_1_default, good_gods_temple_1, minitemple,
          serial_shops, nicolae_shop_trees, uniq_pikel
D:9:      david_nohive_1
D:10:     dpeg_oklobed_lair, enter_trove_3, uniq_psyche, uniq_nergalle,
          uniq_sonja
Temple:   minmay_temple_forest_path
Lair:1:   minmay_lair_oklob_chamber
Lair:2:   lightli_volcano_entry_magma_tube, portal_ice_cave_demonic_guard,
          serial_bayou_shore_b, infiniplex_staircase_pool, uniq_harold
Ossuary:  ossuary_crypta
IceCv:    ice_cave_small_necro
Volcano:  volcano_lake

Skill      XL: |  1  2  3  4  5  6  7  8  9 10 11 |
---------------+----------------------------------+-----
Dodging        | 3 4 5 7 10 11 | 11.8
Fire Magic     | 4 5 6 7 |  7.6
Conjurations   | 2 3 4 6 7 |  7.1
Spellcasting   | 4 5 6 9 11 13 15 | 15.2
Fighting       | 1 3 4 5 |  5.4
Polearms       | |  0.1
Stealth        | |  2.4
Evocations     | |  0.7

Action                   |  1- 3 |  4- 6 |  7- 9 | 10-12 || total
-------------------------+-------+-------+-------+-------++-------
Melee: Dagger            |       |    14 |     2 |       ||    16
       Spear             |       |       |     4 |       ||     4
       Trident           |       |       |    19 |    54 ||    73
 Cast: Flame Tongue      |    19 |    63 |   291 |   164 ||   537
       Conjure Flame     |     2 |     4 |     7 |    10 ||    23
       Sticky Flame      |       |     3 |    18 |    48 ||    69
       Inner Flame       |       |       |     6 |     2 ||     8
       Fireball          |       |       |     1 |    39 ||    40
       Throw Frost       |       |       |       |    19 ||    19
       Mephitic Cloud    |       |       |       |     7 ||     7
 Abil: Evoke Berserk Rag |       |     1 |       |       ||     1
  Use: Scroll            |     3 |     4 |    11 |     5 ||    23
       Potion            |       |       |       |     1 ||     1
  Eat: Meat ration       |       |     1 |       |       ||     1
       Pizza             |       |       |     1 |       ||     1
       Chunk             |       |       |     5 |     2 ||     7
       Beef jerky        |       |       |     1 |     1 ||     2
       Fruit             |       |       |     1 |       ||     1
       Royal jelly       |       |       |       |     4 ||     4
Armor: Robe              |       |     3 |    24 |    42 ||    69
Dodge: Dodged            |     5 |    23 |    93 |   174 ||   295
